IL
TIDEWATER TIDES @ LOUISVILLE STALLIONS
08/04/1982
 
TOP OF THE 1ST
Tidewater Tides batting - Pitching for Louisville Stallions : RHP Andy McGaffigan
Pitching: RHP Andy McGaffigan
Batting: RHB Anthony Lachowetz 0-0: Foul Ball, location: 2F
0-1: Ball
1-1: Ball
2-1: Ball
3-1: TRIPLE (Groundball, 5L, EV 111.3 MPH)
Batting: RHB German Rivera 0-0: Foul Ball, location: 2F
0-1: Fly out, F8 (Line Drive, 8LM, EV 86.9 MPH)
Runner from 3rd tags up, SCORES, no throw by CF
Batting: RHB Brad Komminsk 0-0: Foul Ball, location: 2F
0-1: Ball
1-1: Called Strike
1-2: Foul Ball, location: 2F
1-2: Foul Ball, location: 2F
1-2: Foul Ball, location: 2F
1-2: Fly out, F8 (Flyball, 89S, EV 75.6 MPH)
Batting: LHB Dave Kable 0-0: Ball
1-0: Ball
2-0: Called Strike
2-1: Foul Ball, location: 2F
2-2: Fly out, F7 (Line Drive, 7, EV 95.6 MPH)
Top of the 1st over - 1 run, 1 hit, 0 errors, 0 left on base; Tidewater 1 - Louisville 0
BOTTOM OF THE 1ST
Louisville Stallions batting - Pitching for Tidewater Tides : RHP Gary Sarno
Pitching: RHP Gary Sarno
Batting: SHB Harry Chappas 0-0: Called Strike
0-1: Ball
1-1: Ball
2-1: Ground out 1-3 (Groundball, 13S, EV 63.8 MPH)
Batting: RHB Stephen Dembowski 0-0: Ball
1-0: Fly out, F4 (Popup, 34, EV 73.8 MPH)
Batting: LHB Ted May 0-0: Ball
1-0: Called Strike
1-1: Called Strike
1-2: Ball
2-2: Ball
3-2: Strikes out swinging
Bottom of the 1st over - 0 runs, 0 hits, 0 errors, 0 left on base; Tidewater 1 - Louisville 0
TOP OF THE 2ND
Tidewater Tides batting - Pitching for Louisville Stallions : RHP Andy McGaffigan
Batting: RHB Mike Rex 0-0: Called Strike
0-1: Ball
1-1: Ball
2-1: Foul Ball, location: 2F
2-2: Ball
3-2: Ground out 4-3 (Groundball, 4, EV 89.4 MPH)
Batting: RHB George Gomez 0-0: Called Strike
0-1: Ball
1-1: Foul Ball, location: 2F
1-2: Ball
2-2: Strikes out looking
Batting: RHB Thomas Walker 0-0: Foul Ball, location: 2F
0-1: Called Strike
0-2: Foul Ball, location: 2F
0-2: Foul Ball, location: 2F
0-2: Strikes out swinging
Top of the 2nd over - 0 runs, 0 hits, 0 errors, 0 left on base; Tidewater 1 - Louisville 0
BOTTOM OF THE 2ND
Louisville Stallions batting - Pitching for Tidewater Tides : RHP Gary Sarno
Batting: SHB Orestes Destrade 0-0: Ball
1-0: Ground out 5-3 (Groundball, 56, EV 81.9 MPH)
Batting: SHB Gerald DeSimone 0-0: Called Strike
0-1: Ball
1-1: Foul Ball, location: 2F
1-2: Fly out, F8 (Flyball, 8RS, EV 86.9 MPH)
Batting: LHB Steven Mobberley 0-0: Ball
1-0: Foul Ball, location: 2F
1-1: Ball
2-1: Ground out 4-3 (Groundball, 4, EV 88.8 MPH)
Bottom of the 2nd over - 0 runs, 0 hits, 0 errors, 0 left on base; Tidewater 1 - Louisville 0
TOP OF THE 3RD
Tidewater Tides batting - Pitching for Louisville Stallions : RHP Andy McGaffigan
Batting: LHB Mike Martin 0-0: Called Strike
0-1: Ball
1-1: Swinging Strike
1-2: Strikes out swinging
Batting: SHB Julio Valdez 0-0: Foul Ball, location: 2F
0-1: Ball
1-1: Swinging Strike
1-2: Fly out, F8 (Flyball, 8LXD, EV 90.6 MPH)
Batting: RHB Anthony Lachowetz 0-0: Ball
1-0: Called Strike
1-1: Foul Ball, location: 2F
1-2: Foul Ball, location: 2F
1-2: Strikes out swinging
Top of the 3rd over - 0 runs, 0 hits, 0 errors, 0 left on base; Tidewater 1 - Louisville 0
BOTTOM OF THE 3RD
Louisville Stallions batting - Pitching for Tidewater Tides : RHP Gary Sarno
Batting: RHB Kelly Heath 0-0: Ground out 6-3 (Groundball, 6, EV 79.4 MPH)
Batting: LHB John Tucker 0-0: Ball
1-0: SINGLE (Groundball, 4D, EV 105.0 MPH)
Batting: RHB Gordy Hodgson 0-0: Ball
1-0: SINGLE (Flyball, 9S, EV 86.9 MPH)
John Tucker to second
Runner from 2nd tries for 3rd, SAFE, throw by RF made to third
Batting: SHB Harry Chappas 0-0: Called Strike
Gordy Hodgson steals 2nd base
0-1: Foul Ball, location: 2F
0-2: Ball
1-2: Ball
2-2: Ball
3-2: Foul Ball, location: 2F
3-2: Foul Ball, location: 2F
3-2: Foul Ball, location: 2F
3-2: Foul Ball, location: 2F
3-2: Foul Ball, location: 2F
3-2: Fly out, F3 (Popup, 3SF, EV 88.1 MPH)
Batting: RHB Stephen Dembowski 0-0: Ball
1-0: Foul Ball, location: 2F
1-1: Called Strike
1-2: Foul Ball, location: 2F
1-2: Ball
2-2: Ball
3-2: Foul Ball, location: 2F
3-2: SINGLE (Groundball, 56D, EV 96.9 MPH)
John Tucker scores
Gordy Hodgson to third
Gordy Hodgson scores
Batting: LHB Ted May 0-0: Ball
1-0: Ball
Stephen Dembowski steals 2nd base
2-0: Swinging Strike
2-1: Called Strike
2-2: Strikes out swinging
Bottom of the 3rd over - 2 runs, 3 hits, 0 errors, 1 left on base; Tidewater 1 - Louisville 2
TOP OF THE 4TH
Tidewater Tides batting - Pitching for Louisville Stallions : RHP Andy McGaffigan
Batting: RHB German Rivera 0-0: Ball
1-0: Called Strike
1-1: Foul Ball, location: 2F
1-2: Ball
2-2: SINGLE (Groundball, 25, EV 69.4 MPH) (infield hit)
Batting: RHB Brad Komminsk 0-0: Ball
1-0: Fly out, F8 (Flyball, 8RXD, EV 93.1 MPH)
Batting: LHB Dave Kable 0-0: Ball
German Rivera is caught stealing 2nd base 2-6
1-0: Called Strike
1-1: Called Strike
1-2: Strikes out looking
Top of the 4th over - 0 runs, 1 hit, 0 errors, 0 left on base; Tidewater 1 - Louisville 2
BOTTOM OF THE 4TH
Louisville Stallions batting - Pitching for Tidewater Tides : RHP Gary Sarno
Batting: SHB Orestes Destrade 0-0: DOUBLE (Line Drive, 7LS, EV 93.1 MPH)
Batting: SHB Gerald DeSimone 0-0: Ball
1-0: Ball
2-0: Ball
3-0: Base on Balls
Batting: LHB Steven Mobberley 0-0: Ball
1-0: Called Strike
1-1: Swinging Strike
1-2: Foul Ball, location: 2F
1-2: Ball
2-2: Foul Ball, location: 2F
2-2: Ball
3-2: Base on Balls
Orestes Destrade to third
Gerald DeSimone to second
Batting: RHB Kelly Heath 0-0: Grounds into double play, 5-4-3 (Groundball, 5, EV 104.4 MPH)
Orestes Destrade scores
Gerald DeSimone to third
Batting: LHB John Tucker 0-0: Ball
1-0: Foul Ball, location: 2F
1-1: Ground out 5-3 (Groundball, 56, EV 103.1 MPH)
Bottom of the 4th over - 1 run, 1 hit, 0 errors, 1 left on base; Tidewater 1 - Louisville 3
TOP OF THE 5TH
Tidewater Tides batting - Pitching for Louisville Stallions : RHP Andy McGaffigan
Batting: RHB Mike Rex 0-0: Called Strike
0-1: Ball
1-1: Swinging Strike
1-2: Ground out 5-3 (Groundball, 56, EV 85.0 MPH)
Batting: RHB George Gomez 0-0: Swinging Strike
0-1: Ball
1-1: Fly out, F9 (Flyball, 9S, EV 90.6 MPH)
Batting: RHB Thomas Walker 0-0: Foul Ball, location: 2F
0-1: Called Strike
0-2: Strikes out swinging
Top of the 5th over - 0 runs, 0 hits, 0 errors, 0 left on base; Tidewater 1 - Louisville 3
BOTTOM OF THE 5TH
Louisville Stallions batting - Pitching for Tidewater Tides : RHP Gary Sarno
Batting: RHB Gordy Hodgson 0-0: Foul Ball, location: 2F
0-1: Ball
1-1: Called Strike
1-2: Strikes out swinging
Batting: SHB Harry Chappas 0-0: Ball
1-0: Ball
2-0: Called Strike
2-1: Reached on error, E3 (Groundball, 34, EV 90.6 MPH)
Batting: RHB Stephen Dembowski 0-0: Ball
1-0: Swinging Strike
1-1: Ball
2-1: Foul Ball, location: 2F
2-2: Foul Ball, location: 2F
2-2: Fly out, F6 (Popup, 4MD, EV 70.0 MPH)
Batting: LHB Ted May 0-0: Intentional Walk
Batting: SHB Orestes Destrade 0-0: Ball
1-0: Ball
2-0: Swinging Strike
2-1: Swinging Strike
2-2: Strikes out looking
Bottom of the 5th over - 0 runs, 0 hits, 1 error, 2 left on base; Tidewater 1 - Louisville 3
TOP OF THE 6TH
Tidewater Tides batting - Pitching for Louisville Stallions : RHP Andy McGaffigan
Batting: LHB Mike Martin 0-0: Ball
1-0: Fly out, F8 (Line Drive, 8LM, EV 93.8 MPH)
Batting: SHB Julio Valdez 0-0: Ball
1-0: Ball
2-0: Ball
3-0: Base on Balls
Batting: RHB Anthony Lachowetz 0-0: Called Strike
Julio Valdez is caught stealing 2nd base 2-4
0-1: Ball
1-1: SINGLE (Flyball, 89S, EV 98.1 MPH)
Batting: RHB German Rivera 0-0: Called Strike
Anthony Lachowetz steals 2nd base
0-1: Ball
1-1: Foul Ball, location: 2F
1-2: Ball
2-2: Ball
3-2: Strikes out looking
Top of the 6th over - 0 runs, 1 hit, 0 errors, 1 left on base; Tidewater 1 - Louisville 3
BOTTOM OF THE 6TH
Louisville Stallions batting - Pitching for Tidewater Tides : RHP Gary Sarno
Batting: SHB Gerald DeSimone 0-0: SINGLE (Flyball, 89S, EV 89.4 MPH)
Batting: LHB Steven Mobberley 0-0: Called Strike
0-1: Called Strike
Gerald DeSimone steals 2nd base (no throw)
0-2: Foul Ball, location: 2F
0-2: Ball
1-2: Foul Ball, location: 2F
1-2: Ball
2-2: Foul Ball, location: 2F
2-2: Ball
Wild Pitch!
Gerald DeSimone to third
3-2: Intentional Walk
Batting: RHB Kelly Heath 0-0: Ball
1-0: SINGLE (Groundball, 56D, EV 94.4 MPH)
Gerald DeSimone scores
Steven Mobberley to second
Batting: LHB John Tucker 0-0: Bunted foul
0-1: Bunted foul
0-2: Foul Ball, location: 2F
0-2: Strikes out swinging
Batting: RHB Gordy Hodgson 0-0: Fly out, F9 (Flyball, 9S, EV 80.6 MPH)
Batting: SHB Harry Chappas 0-0: Foul Ball, location: 2F
0-1: Ground out 4-3 (Groundball, 4, EV 85.6 MPH)
Bottom of the 6th over - 1 run, 2 hits, 0 errors, 2 left on base; Tidewater 1 - Louisville 4
TOP OF THE 7TH
Tidewater Tides batting - Pitching for Louisville Stallions : RHP Andy McGaffigan
Batting: RHB Brad Komminsk 0-0: Called Strike
0-1: SINGLE (Line Drive, 4D, EV 98.8 MPH)
Batting: LHB Dave Kable 0-0: Ball
1-0: Ball
2-0: Ball
Brad Komminsk steals 2nd base
3-0: Called Strike
3-1: Called Strike
3-2: Ground out 4-3 (Groundball, 4, EV 105.6 MPH)
Brad Komminsk to third
Pitching: LHP Jose Martinez
Batting: RHB Mike Rex 0-0: Fly out, F8 (Flyball, 8LM, EV 87.5 MPH)
Runner from 3rd tags up, SCORES, throw by CF
Batting: RHB George Gomez 0-0: Ball
1-0: Ball
2-0: Swinging Strike
2-1: Called Strike
2-2: Ball
3-2: Base on Balls
Batting: RHB Thomas Walker 0-0: Ball
1-0: Called Strike
1-1: Ball
2-1: Foul Ball, location: 2F
2-2: Foul Ball, location: 2F
2-2: Ball
3-2: Foul Ball, location: 2F
3-2: Foul Ball, location: 2F
3-2: Ground out 6-3 (Groundball, P, EV 91.3 MPH)
Top of the 7th over - 1 run, 1 hit, 0 errors, 1 left on base; Tidewater 2 - Louisville 4
BOTTOM OF THE 7TH
Louisville Stallions batting - Pitching for Tidewater Tides : RHP Gary Sarno
Batting: RHB Stephen Dembowski 0-0: TRIPLE (Groundball, 3L, EV 106.9 MPH)
Batting: LHB Ted May 0-0: Intentional Walk
Batting: SHB Orestes Destrade 0-0: Called Strike
0-1: Ball
1-1: Foul Ball, location: 2F
1-2: Foul Ball, location: 2F
1-2: Foul Ball, location: 2F
1-2: Strikes out swinging
Batting: SHB Gerald DeSimone 0-0: Foul Ball, location: 2F
0-1: Ball
1-1: Foul Ball, location: 2F
1-2: Strikes out swinging
Batting: LHB Steven Mobberley 0-0: Ball
1-0: SINGLE (Flyball, 8LS, EV 96.9 MPH)
Stephen Dembowski scores
Ted May to second
Pitching: LHP Austin Martinelli
Batting: RHB Kelly Heath 0-0: Ball
1-0: Called Strike
1-1: Ball
2-1: Foul Ball, location: 2F
2-2: Fielders Choice at 2nd, 6-4 (Groundball, 6, EV 89.4 MPH)
Bottom of the 7th over - 1 run, 2 hits, 0 errors, 2 left on base; Tidewater 2 - Louisville 5
TOP OF THE 8TH
Tidewater Tides batting - Pitching for Louisville Stallions : LHP Jose Martinez
Batting: LHB Mike Martin 0-0: Ball
1-0: Ball
2-0: Ball
3-0: Called Strike
3-1: Base on Balls
Batting: SHB Julio Valdez 0-0: Called Strike
0-1: Grounds into double play, 5-4-3 (Groundball, 56, EV 87.5 MPH)
Batting: RHB Anthony Lachowetz 0-0: Foul Ball, location: 2F
0-1: Swinging Strike
0-2: Strikes out looking
Top of the 8th over - 0 runs, 0 hits, 0 errors, 0 left on base; Tidewater 2 - Louisville 5
BOTTOM OF THE 8TH
Louisville Stallions batting - Pitching for Tidewater Tides : LHP Austin Martinelli
Batting: LHB John Tucker 0-0: Ball
1-0: Foul Ball, location: 2F
1-1: Ball
2-1: Ball
3-1: Foul Ball, location: 2F
3-2: Fly out, F6 (Line Drive, 6, EV 61.3 MPH)
Batting: RHB Gordy Hodgson 0-0: Swinging Strike
0-1: Swinging Strike
0-2: Ball
1-2: Strikes out swinging
Batting: SHB Harry Chappas 0-0: Ground out 6-3 (Groundball, 6, EV 105.0 MPH)
Bottom of the 8th over - 0 runs, 0 hits, 0 errors, 0 left on base; Tidewater 2 - Louisville 5
TOP OF THE 9TH
Tidewater Tides batting - Pitching for Louisville Stallions : LHP Jose Martinez
Pitching: LHP Phil Nastu
Batting: RHB German Rivera 0-0: Foul Ball, location: 2F
0-1: Ball
1-1: Swinging Strike
1-2: Foul Ball, location: 2F
1-2: Ground out 3-1 (Groundball, 34, EV 84.4 MPH)
Batting: RHB Brad Komminsk 0-0: Foul Ball, location: 2F
0-1: Foul Ball, location: 2F
0-2: Ball
1-2: Fly out, F7 (Flyball, 78M, EV 90.0 MPH)
Batting: LHB Dave Kable 0-0: Called Strike
0-1: Swinging Strike
0-2: Strikes out swinging
Top of the 9th over - 0 runs, 0 hits, 0 errors, 0 left on base; Tidewater 2 - Louisville 5
Thursday, August 20th, 2020 - OOTP Baseball 21.5 Build 76